Construct Section Command Post
Selects Australian Defense Battlegroup
Selects Australian Defense Battlegroup
Selects Australian Defense Battlegroup
Selects Australian Light Infantry Section
Australian Light Infantry Section
Australian Light Infantry Section
Construct Platoon Command Post
Selects 2-pounder Anti-tank Gun Team
Australian Light Infantry Section
Unlock M3 Stuart Light Tanks
Selects CMP 15cwt Supply Run
Construct Company Command Post
Selects Artillery Trip Wire Flares
Selects Charged Creeping Barrage
Unlock Bishop Self-propelled Artillery